 Dungeon Crawl Stone Soup version 0.32-a0-33-g74fbe46 (webtiles) character file.

Game seed: 16702338023065785759

399 Dorkslayer the Ruffian (level 6, -2/38 HPs)
             Began as an Octopode Shapeshifter on Jan 20, 2024.
             Killed by nerve-wracking pain
             ... invoked by an orc priest
              (13 damage)
             ... on level 4 of the Dungeon.
             The game lasted 00:06:16 (2865 turns).

Dorkslayer the Ruffian (Octopode Shapeshifter)      Turns: 2865, Time: 00:06:16

Health: -2/38      AC:  1    Str: 15    XL:     6   Next: 84%
Magic:  6/6        EV: 13    Int: 13    God:
Gold:   82         SH:  0    Dex: 11    Spells: 5/5 levels left

rFire   . . .        s - +0 mace
rCold   + . .        (no shield)
rNeg    . . .        (helmet currently unavailable)
rPois   .            (no amulet)
rElec   .            q - ring of protection from cold
rCorr   .            (no ring)
SInv    .            (no ring)
Will    .....        (no ring)
Stlth   +++          (no ring)
HPRegen 0.26/turn    (no ring)
MPRegen 0.10/turn    (no ring)
                     (no ring)

%: no passive effects
@: beast-form
A: beast (slay +2), almost no armour, amphibious, 8 rings, camouflage 1,
gelatinous body 1, (nimble swimmer 1), tentacles
a: Begin Untransformation


You were on level 4 of the Dungeon.
You were a hulking beast.
You visited 1 branch of the dungeon, and saw 4 of its levels.

You collected 147 gold pieces.
You spent 65 gold pieces at shops.

Inventory:

Hand Weapons
 r - a +0 flail
 s - a +0 mace (weapon)
Missiles
 k - 5 atropa-tipped darts (quivered)
 w - a boomerang
Jewellery
 q - a ring of protection from cold (left tentacle)
Talismans
 b - a beast talisman
 c - a flux talisman
Scrolls
 d - 5 scrolls of identify {unknown}
 f - a scroll of revelation {unknown}
 j - a scroll of poison {unknown}
 l - a scroll of immolation {unknown}
 n - a scroll of enchant weapon {unknown}
 o - a scroll of butterflies {unknown}
 t - a scroll of amnesia {unknown}
 u - a scroll of fear {unknown}
 x - a scroll of brand weapon {unknown}
Potions
 a - 2 potions of lignification
 e - a potion of might {unknown}
 g - 2 potions of curing {unknown}
 h - 2 potions of degeneration {unknown}
 i - 2 potions of brilliance {unknown}
 m - a potion of berserk rage {unknown}
 p - a potion of ambrosia {unknown}
 v - a potion of haste {unknown}


   Skills:
 + Level 1.3 Fighting
 + Level 1.6 Maces & Flails
 + Level 0.7 Throwing
 + Level 2.9 Dodging
 + Level 3.1 Stealth
 * Level 5.7 Unarmed Combat
 + Level 3.5 Shapeshifting


You had 5 spell levels left.
You didn't know any spells.
Your spell library was empty.

Dungeon Overview and Level Annotations

Branches:
Dungeon (4/15)
 Temple: D:4-7

Altars:

Shops:
D:2 (!=:(


Innate Abilities, Weirdness & Mutations

You are a hulking beast.
Your limbs bulge with bestial killing power. (Slay +2)
You cannot wear most types of armour.
You are amphibious.
You can wear up to eight rings at the same time.
Your skin changes colour to match your surroundings (Stealth+).
Your rubbery body absorbs attacks. (AC +1, EV +1)
((You are camouflaged when in or above water. (Stealth+)))
You have tentacles for arms and can constrict up to eight enemies at once.


Message History

The ball python completely misses you. The ball python misses you.
You hit the ball python.
You kill the ball python!
Found 6 stones.
A hobgoblin comes into view.
The hobgoblin shouts!
You hit the hobgoblin. You grab the hobgoblin. You squeeze the hobgoblin.
You kill the hobgoblin! 2 orcs come into view.
An orc is wielding a +2 mace of protection.
The orc shouts!
You hear a shout! x2
The orc moves out of view.
An orc priest comes into view. It is wielding a +0 short sword.
An orc comes into view. It is wielding a +0 short sword.
An orc priest comes into view. It is wielding a +2 dagger of speed.
You hit the orc but do no damage. Your grab misses the orc.
The orc closely misses you. The orc misses you.
You hit the orc but do no damage. You grab the orc.
You constrict the orc, but do no damage.
The orc struggles to escape constriction.
You hit the orc.
The orc is severely wounded.
You constrict the orc.
The orc hits you with a +2 mace of protection.
You sock the orc!
You kill the orc!
You constrict the orc.
The orc hits you with a +2 mace of protection!
The orc hits you with a +2 mace of protection.
You hit the orc.
You kill the orc!
The orc priest calls down the wrath of Beogh upon you.
Beogh smites you!
* * * LOW HITPOINT WARNING * * *
You hit the orc priest. You grab the orc priest. You squeeze the orc priest.
The orc priest is almost dead.
You constrict the orc priest, but do no damage.
The orc priest mumbles some strange prayers to Beogh against you.
Pain shoots through your body!
You die...

#.....# # #.....#
########### ..#.....#
#.........# .......#
#....(....# #.....#
#.........# #.....##
#.........# ###......#
#.........#
#......ho###.........#
..#.####)............#
#.####........# ...#
#######..### ...###
#....# .o... #....#


oo.. #....# o.. .....#... ... #####.... You could see an orc priest.

Vanquished Creatures
  2 scorpions
  2 hounds
  An orc priest (D:3)
  Jessica (D:3)
  4 gnolls (D:3)
  2 adders
  2 dart slugs (D:1)
  A ribbon worm (D:2)
  13 orcs
  11 endoplasms
  3 giant cockroaches
  5 goblins
  11 hobgoblins
  2 jackals (D:3)
  3 quokkas
  5 ball pythons
  8 bats
  6 frilled lizards
  7 kobolds
  5 rats
94 creatures vanquished.

Notes
Turn   | Place    | Note
-------+----------+-------------------------------------------
     0 | D:1      | Dorkslayer the Octopode Shapeshifter began the quest for
                  | the Orb.
     0 | D:1      | Reached XP level 1. HP: 13/13 MP: 1/1
   120 | D:1      | Reached XP level 2. HP: 14/18 MP: 2/2
   494 | D:1      | Reached XP level 3. HP: 23/23 MP: 3/3
   705 | D:2      | Found Qupenn's Jewellery Shop.
   828 | D:2      | Reached skill level 1 in Stealth
   914 | D:2      | Found Maulut's Weapon Emporium.
   924 | D:2      | Found Heleggu's Book Emporium.
   999 | D:2      | Found Kifapret's Antique Weapon Boutique.
  1182 | D:2      | Found Micruich's Distillery.
  1190 | D:2      | Bought a potion of heal wounds for 65 gold pieces
  1328 | D:2      | Reached skill level 4 in Unarmed Combat
  1604 | D:3      | Reached XP level 4. HP: 23/28 MP: 4/4
  1742 | D:3      | Noticed a scorpion
  1758 | D:3      | Killed a scorpion
  1759 | D:3      | Reached skill level 5 in Unarmed Combat
  1759 | D:3      | Reached XP level 5. HP: 26/33 MP: 5/5
  2207 | D:3      | Noticed Jessica
  2215 | D:3      | Reached XP level 6. HP: 16/38 MP: 6/6
  2215 | D:3      | Killed Jessica
  2662 | D:4      | Reached skill level 1 in Maces & Flails
  2865 | D:4      | Killed from afar by an orc priest

Illustrated notes

Levels and vault maps discovered:
D:1:      mrwooster_arrival_statue, layout_basic, st_stairs_9
D:2:      layout_basic, serial_shops, nicolae_shop_window_shopping, shop,
          shop_fountains, shop, nicolae_shop_scrapyard
D:3:      layout_basic, uniq_jessica
D:4:      layout_rooms, nicolae_yredelemnul_corpse_copse,
          mainiacjoe_overflow_brackets, uniq_grinder

Skill      XL: |  1  2  3  4  5  6 |
---------------+-------------------+-----
Stealth        | 1 2 3 |  3.1
Unarmed Combat | 4 5 |  5.7
Maces & Flails | 1 |  1.6
Fighting       | |  1.3
Throwing       | |  0.7
Dodging        | |  2.9
Shapeshifting  | |  3.5

Action                     |  1- 3 |  4- 6 || total
---------------------------+-------+-------++-------
  Melee: Unarmed           |    75 |    35 ||   110
         Constrict         |    17 |    32 ||    49
         Punch             |     3 |     5 ||     8
         Tentacles         |    16 |    18 ||    34
         Mace              |       |    67 ||    67
  Throw: Dart              |       |    10 ||    10
    Use: Potion            |       |     2 ||     2
   Stab: Sleeping          |    10 |     3 ||    13
 Armour: Skin              |    26 |    61 ||    87
  Dodge: Dodged            |    37 |    66 ||   103

Table legend: (Time is in decaauts)
 A = Elapsed time spent in this place.
 B = Non-inter-level travel time spent in this place.
 C = Inter-level travel time spent in this place.
 D = Time resting spent in this place.
 E = Time spent auto-exploring this place.
 F = Levels seen in this place.
 G = Mean time per level.
                   A        B        C        D        E       F      G
               +--------+--------+--------+--------+--------+-----+--------+
         Total |   2878 |   2878 |      0 |      6 |   1868 |   4 |  719.5 |
       Dungeon |   2878 |   2878 |      0 |      6 |   1868 |   4 |  719.5 |
               +--------+--------+--------+--------+--------+-----+--------+

Top non-repeatable levels by time:
     D:3: 1033 daAuts
     D:2: 851 daAuts
     D:1: 694 daAuts
     D:4: 300 daAuts
